 Dungeon Crawl Stone Soup version 0.23.2-30-g0e89c35649 (webtiles) character file.

Game seed: 14477626122248262973

241 Pangenus the Covered (level 5, 0/47 HPs)
             Began as a Minotaur Fighter on June 25, 2019.
             Slain by Edmund
             ... wielding a +1 dire flail of venom
              (6 damage)
             ... on level 4 of the Dungeon.
             The game lasted 00:30:54 (2466 turns).

Pangenus the Covered (Minotaur Fighter)             Turns: 2466, Time: 00:30:55

Health: 0/47       AC: 12    Str: 27    XL:     5   Next: 80%
Magic:  4/4        EV:  5    Int:  5    God:
Gold:   171        SH:  0    Dex:  9    Spells: 4/4 levels left

rFire    + . .     SeeInvis .   j - +3 mace (crush)
rCold    x . .     Gourm    .   c - +0 shield
rNeg     . . .     Faith    .   m - +0 plate armour
rPois    .         Spirit   .   (helmet restricted)
rElec    .         Reflect  .   (no cloak)
rCorr    .         Harm     .   (no gloves)
MR       .....                  (no boots)
Stlth    ..........             n - amulet of regeneration
HPRegen  0.55/turn              h - ring of fire
MPRegen  0.09/turn              (no ring)

@: confused, mighty, lethally poisoned (0 -> -19)
A: retaliatory headbutt, horns 2
a: no special abilities


You were on level 4 of the Dungeon.
You were not hungry.

You visited 1 branch of the dungeon, and saw 4 of its levels.

You collected 171 gold pieces.

Inventory:

Hand Weapons
 a - a +0 flail
 j - a +3 mace of crushing (weapon)
Armour
 b - a +1 scale mail
 c - a +0 shield (worn)
 l - a +0 chain mail
 m - a +0 plate armour (worn)
Jewellery
 h - a ring of fire (left hand)
 n - an amulet of regeneration (around neck)
Scrolls
 e - 4 scrolls of remove curse
 i - a scroll of enchant armour
 k - a scroll of fog
 q - 2 scrolls of identify
Potions
 g - 3 potions of degeneration
 p - a potion of magic {unknown}
Comestibles
 f - 5 rations


   Skills:
 * Level 4.5 Fighting
 * Level 4.7 Maces & Flails
 * Level 5.3 Armour
 + Level 0.2 Dodging
 + Level 0.1 Stealth
 * Level 4.7 Shields


You had 4 spell levels left.
You didn't know any spells.
Your spell library was empty.

Dungeon Overview and Level Annotations

Branches:
Dungeon (4/15)
 Temple: D:4-7

Altars:
Kikubaaqudgha
Nemelex Xobeh
Xom

Annotations:
D:4 Edmund


Innate Abilities, Weirdness & Mutations

You reflexively headbutt those who attack you in melee.
You have a pair of horns on your head.


Message History

Edmund hits you with a +1 dire flail of venom.
You are lethally poisoned!
The adder bites you.
* * * LOW HITPOINT WARNING * * *
You hear some strange, mumbled words.
You are more confused.
The adder bites you.
* * * LOW HITPOINT WARNING * * *
Edmund hits you but does no damage.
You are more poisoned.
You bump into the rock wall.
* * * LOW HITPOINT WARNING * * *
You feel very sick. Something hits you but does no damage. The adder bites you.
* * * LOW HITPOINT WARNING * * *
You bump into the rock wall.
* * * LOW HITPOINT WARNING * * *
You feel sick.
Edmund hits you with a +1 dire flail of venom.
You die...

#...............#..........
#....####...##..#.So.......
##### ##+###..#@o.#
#..##..# #'###..#
#..##..##..# ##..oo......#
#..@S#......# #...@#......#
#############


You could see Edmund, an adder and 2 orcs.

Vanquished Creatures
  2 scorpions (D:4)
  An orc priest (D:4)
  An adder (D:2)
  3 oozes
  A worm (D:3)
  A dart slug (D:2)
  3 leopard geckos
  11 orcs
  8 bats
  A giant cockroach (D:1)
  9 goblins
  3 hobgoblins
  10 jackals
  5 kobolds
  3 frilled lizards
  9 rats
71 creatures vanquished.

Vanquished Creatures (others)
  A human (D:2)
1 creature vanquished.

Grand Total: 72 creatures vanquished

Notes
Turn   | Place    | Note
-------+----------+-------------------------------------------
     0 | D:1      | Pangenus the Minotaur Fighter began the quest for the Orb.
     0 | D:1      | Reached XP level 1. HP: 19/19 MP: 0/0
    81 | D:1      | Reached XP level 2. HP: 27/27 MP: 1/1
   117 | D:1      | Reached skill level 4 in Armour
   173 | D:1      | Reached XP level 3. HP: 29/33 MP: 2/2
   792 | D:2      | Found an ancient bone altar of Kikubaaqudgha.
   792 | D:2      | Noticed a human
   795 | D:2      | Killed a human
  1649 | D:2      | Reached XP level 4. HP: 40/40 MP: 3/3
  2169 | D:3      | Found a shimmering altar of Xom.
  2171 | D:3      | Found a sparkling altar of Nemelex Xobeh.
  2243 | D:4      | Reached XP level 5. HP: 21/47 MP: 4/4
  2436 | D:4      | Noticed Edmund
  2451 | D:4      | Reached skill level 5 in Armour
  2466 | D:4      | Slain by Edmund

Skill      XL: |  1  2  3  4  5 |
---------------+----------------+-----
Armour         | 4 5 |  5.3
Shields        | 4 |  4.7
Fighting       | 4 |  4.5
Maces & Flails | 3 4 |  4.7
Dodging        | |  0.2
Stealth        | |  0.1

Action                   |  1- 3 |  4- 6 || total
-------------------------+-------+-------++-------
Melee: Flail             |    99 |       ||    99
       Headbutt          |    15 |     9 ||    24
       Mace              |     8 |    59 ||    67
  Use: Scroll            |     9 |     1 ||    10
       Potion            |     4 |     2 ||     6
  Eat: Ration            |     1 |     1 ||     2
       Chunk             |       |     1 ||     1
Armor: Scale mail        |    35 |       ||    35
       Chain mail        |    13 |       ||    13
       Plate armour      |       |    39 ||    39
Dodge: Dodged            |    37 |    16 ||    53
Block: Shield            |    67 |    17 ||    84
